 Dungeon Crawl Stone Soup version 0.28-a0-793-g31680bbd8b (webtiles) character file.

Game seed: 4149496538898342609

233 flotson the Sneak (level 5, -3/42 HPs)
             Began as a Demonspawn Delver on Nov 4, 2021.
             Slain by an orc (5 damage)
             ... on level 3 of the Dungeon on Nov 5, 2021.
             The game lasted 00:04:24 (3727 turns).

flotson the Sneak (Demonspawn Delver)               Turns: 3727, Time: 00:04:24

Health: -3/42      AC:  7    Str: 13    XL:     5   Next: 74%
Magic:  5/5        EV: 11    Int: 11    God:
Gold:   141        SH:  0    Dex: 15    Spells: 4/4 levels left

rFire   . . .      SeeInvis .   b - +2 dagger (venom)
rCold   . . .      Faith    .   (no shield)
rNeg    . . .      Spirit   .   m - +0 ring mail
rPois   .          Reflect  .   (no helmet)
rElec   .          Harm     .   (no cloak)
rCorr   .          Rampage  .   (no gloves)
Will    .....                   (no boots)
Stlth   ++........              (no amulet)
HPRegen 0.14/turn               (no ring)
MPRegen 0.09/turn               (no ring)

@: no status effects
A: yellow scales 1
a: no special abilities


You were on level 3 of the Dungeon.
You visited 1 branch of the dungeon, and saw 5 of its levels.

You collected 141 gold pieces.

Inventory:

Hand Weapons
 a - a +0 hand axe
 b - a +2 dagger of venom (weapon)
 k - a +0 trident
Missiles
 f - 7 boomerangs
 i - 2 curare-tipped darts (quivered)
 q - a silver boomerang
Armour
 m - a +0 ring mail (worn)
Wands
 g - a wand of digging (3)
Scrolls
 c - 2 scrolls of fog
 d - 2 scrolls of amnesia {unknown}
 e - a scroll of fear
 j - a scroll of identify {unknown}
 n - 2 scrolls of vulnerability {unknown}
 p - a scroll of acquirement {unknown}
 r - a scroll of holy word {unknown}
Potions
 h - 2 potions of curing
 l - a potion of brilliance {unknown}
 o - a potion of cancellation {unknown}


   Skills:
 + Level 4.0 Fighting
 + Level 3.0 Axes
 + Level 1.2 Throwing
 + Level 2.2 Armour
 + Level 3.0 Dodging
 - Level 4.5 Stealth


You had 4 spell levels left.
You didn't know any spells.
Your spell library contained the following spells:

 Spells                   Type           Power      Damage    Failure   Level
 Dazzling Flash           Conj/Hex       0%         N/A       92%         3
 Agony                    Necr           0%         N/A       100%        5
 Silence                  Hex/Air        0%         N/A       100%        5


Dungeon Overview and Level Annotations

Branches:
Dungeon (5/15)
 Temple: D:4-7

Altars:
Fedhas
Okawaru
Sif Muna

Shops:
D:3 (


Innate Abilities, Weirdness & Mutations

You are partially covered in yellow scales. (AC +2)


Message History

You barely miss the orc.
The orc is heavily wounded.
The orc misses you.
You hit the orc.
You kill the orc!
The gnoll shouts!
You hit the orc.
The orc is poisoned.
The orc is lightly wounded.
The orc hits you but does no damage.
You hit the orc.
You kill the orc!
The gnoll sergeant closely misses you.
The gnoll sergeant hits you with a +0 spear.
The gnoll barely misses you.
The gnoll shouts!
You hit the gnoll sergeant but do no damage.
The gnoll sergeant hits you but does no damage.
The gnoll hits you from afar with a +0 halberd!
The gnoll hits you from afar with a +2 vorpal spear.
You are too injured to fight recklessly!
The gnoll sergeant hits you from afar with a +0 spear.
An orc comes into view. It is wielding a +0 mace.
The orc hits you with a +0 mace. The orc barely misses you.
The gnoll sergeant hits you from afar with a +0 spear.
* * * LOW HITPOINT WARNING * * *
The orc hits you but does no damage.
There is a stone staircase leading up here.
The orc hits you with a +0 mace.
* * * LOW HITPOINT WARNING * * *
You climb upwards.
There is a stone staircase leading down here.
You hit the orc.
The orc is lightly wounded.
The orc hits you with a +0 mace.
* * * LOW HITPOINT WARNING * * *
You hit the orc.
The orc is poisoned.
The orc is moderately wounded.
The orc hits you with a +0 mace.
You die...

##### #.... ########### #....
#.........# #.... #.........#
########## #.... #.........#
#@.......# #.... #.........#
#o####.#.#####.... #.........#
#.# #.#..........
#.........###'####.##......###
#...................#......#
#...(...............##.....#
#....................#.....#
#....................#######
#.....................#.# ###


You could see an orc (very poisoned).

Vanquished Creatures
  A hound (D:4)
  An orc priest (D:3)
  An iguana (D:3)
  An orc wizard (D:4)
  3 adders (D:2)
  2 worms
  3 dart slugs
  5 orcs
  5 bats
  10 endoplasms
  A giant cockroach (D:3)
  6 goblins
  5 hobgoblins
  6 jackals
  4 kobolds
  4 quokkas
  6 ball pythons
  2 frilled lizards (D:2)
  8 rats
74 creatures vanquished.

Vanquished Creatures (others)
  15 plants (D:2)
15 creatures vanquished.

Grand Total: 89 creatures vanquished

Notes
Turn   | Place    | Note
-------+----------+-------------------------------------------
     0 | D:5      | flotson the Demonspawn Delver began the quest for the Orb.
     0 | D:5      | Reached XP level 1. HP: 18/18 MP: 1/1
    43 | D:5      | Noticed an ogre
    99 | D:4      | Noticed a hound
   127 | D:4      | Killed a hound
   128 | D:4      | Reached skill level 1 in Armour
   128 | D:4      | Gained mutation: You are partially covered in yellow
                  | scales. (AC +2) [demonic ancestry]
   128 | D:4      | Reached XP level 2. HP: 10/24 MP: 2/2
   128 | D:4      | Reached XP level 3. HP: 12/29 MP: 3/3
   962 | D:1      | Reached XP level 4. HP: 35/35 MP: 4/4
  2545 | D:3      | Reached XP level 5. HP: 22/42 MP: 5/5
  2545 | D:3      | Found Pononod's Antique Weapon Shop.
  2800 | D:3      | Found a faded altar of an unknown god.
  3001 | D:3      | Reached skill level 1 in Throwing
  3353 | D:3      | Found a shimmering blue altar of Sif Muna.
  3362 | D:3      | Found a blossoming altar of Fedhas.
  3558 | D:3      | Found an iron altar of Okawaru.
  3726 | D:3      | HP: 2/42 [orc (1)]
  3727 | D:3      | Slain by an orc

Illustrated notes

Levels and vault maps discovered:
D:1:      dpeg_arrival_oval, layout_loops_ring, grunt_decor_one_mirror
D:2:      layout_basic, serial_bayou, serial_bayou_crossing,
          serial_bayou_shore_b, serial_bayou_lagoon_b, serial_bayou_pond_e,
          serial_bayou_shore_b
D:3:      layout_basic, mainiacjoe_overflow_chevrons, mainiacjoe_overflow_swirl,
          hellmonk_ecumenical_altar_zigzags, serial_shops, shop_fountains
D:4:      cheibrodos_pilgrimage, layout_basic
D:5:      layout_cave_pools, minmay_manual_mullet, uniq_crazy_yiuf_cottage

Skill      XL: |  1  2  3  4  5 |
---------------+----------------+-----
Axes           | 2 3 |  3.0
Armour         | 1 2 |  2.2
Dodging        | 2 3 |  3.0
Throwing       | 1 |  1.2
Fighting       | 4 |  4.0
Stealth        | |  4.5

Action                   |  1- 3 |  4- 6 || total
-------------------------+-------+-------++-------
Melee: Hand axe          |    78 |       ||    78
       Dagger            |     3 |   144 ||   147
  Use: Potion            |     1 |     1 ||     2
       Scroll            |     1 |       ||     1
 Stab: Sleeping          |     5 |     6 ||    11
Armor: Leather armour    |    29 |    18 ||    47
       Ring mail         |       |    24 ||    24
Dodge: Dodged            |    71 |    77 ||   148

Table legend: (Time is in decaauts)
 A = Elapsed time spent in this place.
 B = Non-inter-level travel time spent in this place.
 C = Inter-level travel time spent in this place.
 D = Time resting spent in this place.
 E = Time spent auto-exploring this place.
 F = Levels seen in this place.
 G = Mean time per level.
                   A        B        C        D        E       F      G
               +--------+--------+--------+--------+--------+-----+--------+
         Total |   3763 |   3619 |    144 |      0 |   2985 |   5 |  752.6 |
       Dungeon |   3763 |   3619 |    144 |      0 |   2985 |   5 |  752.6 |
               +--------+--------+--------+--------+--------+-----+--------+

Top non-repeatable levels by time:
     D:2: 1353 daAuts
     D:3: 1234 daAuts
     D:1: 784 daAuts
     D:4: 334 daAuts
     D:5: 57 daAuts
